 Dungeon Crawl Stone Soup version 0.30-a0-304-gdc4b735fe1 (webtiles) character file.

Game seed: 6449671968250020510

66 Iusername the Trooper (level 3, 0/34 HPs)
             Began as a Minotaur Fighter on Oct 20, 2022.
             Slain by a gnoll
             ... wielding a +0 whip
              (2 damage)
             ... on level 3 of the Dungeon.
             The game lasted 00:01:41 (1345 turns).

Iusername the Trooper (Minotaur Fighter)            Turns: 1345, Time: 00:01:42

Health: 0/34       AC: 15    Str: 22    XL:     3   Next: 96%
Magic:  2/2        EV:  6    Int:  5    God:
Gold:   70         SH:  4    Dex:  9    Spells: 2/2 levels left

rFire   . . .      SeeInvis .    a - +0 long sword
rCold   . . .      Faith    .    c - +0 buckler
rNeg    . . .      Spirit   .    e - +4 plate armour
rPois   .          Reflect  .    (helmet restricted)
rElec   .          Harm     .    (no cloak)
rCorr   .          Rampage  .    (no gloves)
Will    .....                    (no boots)
Stlth   ..........               (no amulet)
HPRegen 0.25/turn                (no ring)
MPRegen 0.08/turn                (no ring)

@: brilliant
A: horns 2, retaliatory headbutt
a: no special abilities


You were on level 3 of the Dungeon.
You visited 1 branch of the dungeon, and saw 3 of its levels.

You collected 70 gold pieces.

Inventory:

Hand Weapons
 a - a +0 long sword (weapon)
Missiles
 m - 4 boomerangs (quivered)
Armour
 b - a +0 scale mail
 c - a +0 buckler (worn)
 e - a +4 plate armour (worn)
Jewellery
 j - a ring of protection from fire
 n - a +4 ring of slaying
Scrolls
 f - 3 scrolls of enchant weapon {unknown}
 g - 3 scrolls of poison {unknown}
 h - a scroll of noise {unknown}
 k - a scroll of identify {unknown}
 o - a scroll of amnesia {unknown}
 p - a scroll of summoning {unknown}
Potions
 d - a potion of might
 i - a potion of brilliance
 l - a potion of resistance {unknown}
 q - a potion of invisibility {unknown}


   Skills:
 + Level 4.3 Fighting
 + Level 3.3 Long Blades
 + Level 4.2 Armour
 + Level 4.2 Shields


You had 2 spell levels left.
You didn't know any spells.
Your spell library contained the following spells:

 Spells                   Type           Power      Damage    Failure   Level
 Kiss of Death            Conj/Necr      0%         2d5       100%        1
 Blink                    Tloc           0%         N/A       100%        2
 Momentum Strike          Conj/Tloc      0%         3d8       100%        2
 Confusing Touch          Hex            0%         N/A       100%        3
 Dazzling Flash           Conj/Hex       0%         N/A       100%        3
 Lesser Beckoning         Tloc           0%         N/A       100%        3
 Dispel Undead            Necr           0%         3d6       100%        4
 Agony                    Necr           0%         N/A       100%        5
 Silence                  Hex/Air        0%         N/A       100%        5


Dungeon Overview and Level Annotations

Branches:
Dungeon (3/15)

Altars:

Shops:
D:2 =[!


Innate Abilities, Weirdness & Mutations

You have a pair of horns on your head.
You reflexively headbutt those who attack you in melee.


Message History

You hit the gnoll. Your headbutt misses the gnoll.
The gnoll is severely wounded.
The gnoll hits you but does no damage.
You closely miss the gnoll.
The gnoll is severely wounded.
The gnoll hits you but does no damage.
A gnoll comes into view. It is wielding a +0 club.
The gnoll hits you but does no damage.
The gnoll shouts!
You slash the gnoll!
You kill the gnoll!
You see here a +0 spear.
You hit the gnoll.
The gnoll is moderately wounded.
A gnoll comes into view. It is wielding a +0 whip.
The gnoll completely misses you.
You hit the gnoll. Your headbutt misses the gnoll.
The gnoll is almost dead.
A frilled lizard comes into view.
The gnoll hits you but does no damage. The gnoll hits you with a +0 club.
* * * LOW HITPOINT WARNING * * *
You closely miss the gnoll.
The gnoll is almost dead.
The frilled lizard hisses angrily.
You block the gnoll's attack. The gnoll hits you with a +0 whip.
* * * LOW HITPOINT WARNING * * *
Unknown command.
It was a potion of brilliance.
You feel clever all of a sudden. The gnoll hits you but does no damage.
You block the gnoll's attack.
You slash the gnoll! Your headbutt misses the gnoll.
The gnoll is severely wounded.
The gnoll hits you with a +0 whip!
* * * LOW HITPOINT WARNING * * *
The gnoll hits you but does no damage.
You hit the gnoll.
The gnoll is almost dead.
The gnoll barely misses you.
The gnoll hits you but does no damage. x2
The gnoll hits you with a +0 whip.
You die...

.# #... .### #.#.#.. ...
..>.... .. #.#...... .#
# #.#...#.#######'#.#
#.#..##.#......g..#
#.#...........l)@g..#
#.#....##...........#
#.#......<.............#
#.#....#............##.#
#.#....#............# #
#......#..............
#...####...####.#.#.##.
#..........# #.#.#.#
#..######..####.#.#.#


You could see 2 gnolls and a frilled lizard.

Vanquished Creatures
  A gnoll (D:3)
  An adder (D:2)
  A worm (D:2)
  A dart slug (D:1)
  An orc (D:3)
  6 ball pythons
  3 bats (D:1)
  4 endoplasms
  A giant cockroach (D:1)
  4 goblins
  5 hobgoblins
  A quokka (D:1)
  2 frilled lizards
  4 kobolds (D:1)
  5 rats (D:1)
40 creatures vanquished.

Notes
Turn   | Place    | Note
-------+----------+-------------------------------------------
     0 | D:1      | Iusername the Minotaur Fighter began the quest for the Orb.
     0 | D:1      | Reached XP level 1. HP: 19/19 MP: 0/0
   132 | D:1      | Reached XP level 2. HP: 27/27 MP: 1/1
   694 | D:1      | Reached XP level 3. HP: 33/33 MP: 2/2
   789 | D:2      | Found Pythe's Antique Armour Shoppe.
   820 | D:2      | Found Myjur's Distillery.
   967 | D:2      | Found Kuuf's Jewellery Shop.
  1345 | D:3      | Slain by a gnoll

Illustrated notes

Levels and vault maps discovered:
D:1:      lemuel_arrival_rhombus, layout_basic, dreamdust_princess_bridge
D:2:      layout_rooms, serial_shops, shop, shop, shop, kennysheep_crisscross,
          grunt_ministairs_3
D:3:      layout_basic, slow_altar_1, gammafunk_temple_overflow_wave,
          general_overflow_altar, serial_bayou_lagoon_a, minmay_hedge_maze

Skill      XL: |  1  2 |
---------------+-------+-----
Fighting       | 4 |  4.3
Armour         | 4 |  4.2
Shields        | 4 |  4.2
Long Blades    | 3 |  3.3

Action                   || total
-------------------------++-------
Melee: Long sword        ||   113
       Headbutt          ||    17
  Use: Potion            ||     1
Armor: Plate armour      ||    91
Dodge: Dodged            ||    39
Block: Buckler           ||    30

Table legend: (Time is in decaauts)
 A = Elapsed time spent in this place.
 B = Non-inter-level travel time spent in this place.
 C = Inter-level travel time spent in this place.
 D = Time resting spent in this place.
 E = Time spent auto-exploring this place.
 F = Levels seen in this place.
 G = Mean time per level.
                   A        B        C        D        E       F      G
               +--------+--------+--------+--------+--------+-----+--------+
         Total |   1377 |   1361 |     16 |      0 |   1060 |   3 |  459.0 |
       Dungeon |   1377 |   1361 |     16 |      0 |   1060 |   3 |  459.0 |
               +--------+--------+--------+--------+--------+-----+--------+

Top non-repeatable levels by time:
     D:1: 807 daAuts
     D:2: 456 daAuts
     D:3: 114 daAuts
